 Dungeon Crawl Stone Soup version 0.20-a0-924-gfa95efa (webtiles) character file.

583 JeffiDaFish the Shield-Bearer (level 7, -10/43 HPs)
             Began as a Gargoyle Fighter on Mar 28, 2017.
             Mangled by an orc warrior
             ... wielding a +0 glaive
              (24 damage)
             ... on level 3 of the Dungeon.
             The game lasted 00:07:52 (3469 turns).

JeffiDaFish the Shield-Bearer (Gargoyle Fighter)    Turns: 3469, Time: 00:07:54

Health: -10/43     AC:  9    Str: 17    XL:     7   Next: 37%
Magic:  7/7        EV:  8    Int:  9    God:
Gold:   153        SH: 10    Dex: 11    Spells: 6/6 levels left

rFire    . . .     SeeInvis .   g - +4 whip (freeze)
rCold    . . .     Gourm    .   c - +1 shield
rNeg     + . .     Faith    .   b - +0 scale mail
rPois    ∞         Spirit   .   (helmet restricted)
rElec    +         Reflect  .   (no cloak)
rCorr    .         Harm     .   (no gloves)
MR       +....                  (no boots)
Stlth    ..........             (no amulet)
Regen    0.2/turn               k - ring of protection from magic
MPRegen  0.1/turn               (no ring)

@: about to teleport
A: antennae 1, big wings, deformed body, negative energy resistance 1,
electricity resistance, weak 1, unbreathing, petrification resistance, rot
immunity, AC +4
a: Fly


You were on level 3 of the Dungeon.
You were very hungry.

You visited 1 branch of the dungeon, and saw 3 of its levels.

You collected 153 gold pieces.

Inventory:

Hand Weapons
 g - a +4 whip of freezing (weapon)
Armour
 b - a +0 scale mail (worn)
 c - a +1 shield (worn)
Jewellery
 k - a ring of protection from magic (left hand)
Scrolls
 e - 3 scrolls of remove curse
 l - 3 scrolls of identify
Potions
 d - 2 potions of might
Comestibles
 f - 2 bread rations
 j - 2 meat rations
 m - 4 fruits


   Skills:
 + Level 4.2 Fighting
 + Level 5.2 Maces & Flails
 + Level 4.5 Armour
 + Level 1.5 Dodging
 + Level 5.2 Shields


You had 6 spell levels left.
You didn't know any spells.

Dungeon Overview and Level Annotations

Branches:
Dungeon (3/15)

Altars:
Cheibriados
Fedhas
Zin
The Shining One


Innate Abilities, Weirdness & Mutations

You are resistant to torment.
Your stone body is resilient. (AC +4)
You are immune to poison.
You resist negative energy. (rN+)
You are resistant to electric shocks. (rElec)
You can survive without breathing.
You are immune to petrification.
You are immune to rotting.
You have a pair of small antennae on your head.
Your large and strong wings let you fly indefinitely.
Armour fits poorly on your strangely shaped body.
You are weak. (Str -2)


Message History

The orc shouts!
You hit the orc warrior. You freeze the orc warrior.
The orc warrior is heavily wounded.
You block the orc warrior's attack.
The orc moves out of view.
The orc priest mumbles some strange prayers to Beogh against you.
Beogh smites you!
You are too injured to fight recklessly!
Your shield prevents you from hitting the orc warrior.
The orc warrior is heavily wounded.
You block the orc warrior's attack.
The orc wizard casts a spell.
The orc wizard blinks!
You hit the orc warrior but do no damage.
The orc warrior is heavily wounded.
The orc warrior hits you with a glaive!
As you read the scroll of teleportation, it crumbles to dust.
You feel strangely unstable.
The orc warrior hits you from afar with a glaive!!
Ouch! That really hurt!
You die...

######...........<..#>...........
#.......######...).....#.##.
#.......########.........##.
#.......................###.
##.##.#>#########.......)..#.
#...#.#.### #.......##(#.
#.....#...## ###.....).##(##
#...##..#..####o.......###((.
#####...##......@.oo###..(#####..
..........................(..(...
.............................(..)
≈≈.≈.≈≈≈.≈≈.≈≈≈...≈..≈≈≈≈.≈≈)()((
≈≈≈≈≈≈≈≈≈≈≈≈≈≈≈≈≈≈≈≈≈≈≈≈≈≈≈≈≈....
≈≈≈≈≈≈≈≈≈≈≈≈≈≈≈≈≈≈≈≈≈≈≈≈≈≈≈≈≈≈..(
#####≈≈≈≈≈≈≈≈≈≈≈≈≈≈≈≈≈≈≈≈≈≈≈≈≈...
#...###########################'(
#...#......## ##.....#.......#.))


You could see an orc warrior, an orc priest and an orc.

Vanquished Creatures
  5 big kobolds (D:3)
  7 adders
  3 gnolls (D:3)
  3 worms
  6 dart slugs
  10 bats
  5 giant cockroaches
  9 goblins
  10 hobgoblins
  6 jackals
  46 kobolds
  2 quokkas
  A ball python (D:1)
  6 frilled lizards
  11 rats
130 creatures vanquished.

Notes
Turn   | Place    | Note
-------+----------+-------------------------------------------
     0 | D:1      | JeffiDaFish the Gargoyle Fighter began the quest for the Orb.
     0 | D:1      | Reached XP level 1. HP: 14/14 MP: 1/1
   134 | D:1      | Reached XP level 2. HP: 3/19 MP: 2/2
   579 | D:1      | Reached XP level 3. HP: 24/24 MP: 3/3
  1063 | D:2      | Found a glowing silver altar of Zin.
  1100 | D:2      | Reached XP level 4. HP: 28/29 MP: 4/4
  1442 | D:2      | Found a glowing golden altar of the Shining One.
  1846 | D:3      | Reached XP level 5. HP: 32/33 MP: 5/5
  1900 | D:3      | Found a snail-covered altar of Cheibriados.
  1906 | D:3      | Gained mutation: Armour fits poorly on your strangely shaped body. [potion of mutation]
  1906 | D:3      | Gained mutation: You have a pair of small antennae on your head. [potion of mutation]
  1906 | D:3      | Gained mutation: You are weak. (Str -2) [potion of mutation]
  1906 | D:3      | Gained mutation: Your large and strong wings let you fly indefinitely. [potion of mutation]
  2130 | D:3      | Found a blossoming altar of Fedhas.
  2259 | D:3      | Noticed a big kobold
  2281 | D:3      | Killed a big kobold
  2281 | D:3      | Reached skill level 1 in Dodging
  2284 | D:3      | Reached XP level 6. HP: 35/38 MP: 6/6
  3096 | D:3      | Reached skill level 5 in Maces & Flails
  3096 | D:3      | Reached skill level 5 in Shields
  3096 | D:3      | Reached XP level 7. HP: 37/43 MP: 7/7
  3469 | D:3      | Mangled by an orc warrior

Vault maps used:
D:1:      minmay_arrival_widening_spiral_wide, st_stairs_6
D:2:      nicolae_overflow_crystal_walls, lemuel_coloured_pillars_altar,
          st_stairs_8
D:3:      minmay_goblin_kobold_castle, fedhas_altar_fruit_tree,
          kennysheep_slug_shrine, serial_bayou_pond_b

Skill      XL: |  1  2  3  4  5  6 |
---------------+-------------------+-----
Maces & Flails | 3 4 5 |  5.2
Armour         | 4 |  4.5
Shields        | 4 5 |  5.2
Dodging        | 1 |  1.5
Fighting       | 4 |  4.2

Action                   |  1- 3 |  4- 6 |  7- 9 || total
-------------------------+-------+-------+-------++-------
Melee: Flail             |   117 |   316 |    13 ||   446
       Whip              |       |       |    18 ||    18
  Use: Scroll            |     6 |     4 |     3 ||    13
       Potion            |     2 |     2 |       ||     4
  Eat: Chunk             |     1 |     6 |     1 ||     8
Armor: Scale mail        |    61 |   167 |    12 ||   240
Dodge: Dodged            |    48 |    96 |    18 ||   162
Block: Shield            |    69 |   220 |    23 ||   312
